 Dungeon Crawl Stone Soup version 0.31-a0-625-gc9c7e45f3f (webtiles) character file.

Game seed: 6366221156406031265

24 Descartes the Grasshopper (level 3, -4/28 HPs)
             Began as a Formicid Warper on Aug 24, 2023.
             Slain by a gnoll
             ... wielding a +0 whip
              (8 damage)
             ... on level 2 of the Dungeon.
             The game lasted 00:01:23 (837 turns).

Descartes the Grasshopper (Formicid Warper)          Turns: 837, Time: 00:01:23

Health: -4/28      AC:  3    Str: 17    XL:     3   Next: 15%
Magic:  6/6        EV: 11    Int: 12    God:
Gold:   57         SH:  0    Dex: 13    Spells: 7/7 levels left

rFire   . . .        a - +0 hand axe
rCold   . . .        (no shield)
rNeg    . . .        b - +0 leather armour
rPois   .            (helmet unavailable)
rElec   .            (no cloak)
rCorr   .            (no gloves)
SInv    +            (no boots)
Will    .....        (no amulet)
Stlth   +            (no ring)
HPRegen 0.24/turn    (no ring)
MPRegen 0.10/turn

%: no passive effects
@: no status effects
A: permanent stasis, dig shafts and tunnels, antennae 3, four strong arms
a: Dig, Shaft Self


You were on level 2 of the Dungeon.
You visited 1 branch of the dungeon, and saw 2 of its levels.

You collected 57 gold pieces.

Inventory:

Hand Weapons
 a - a +0 hand axe (weapon)
Missiles
 d - 7 darts of dispersal (quivered)
Armour
 b - a +0 leather armour (worn)
Scrolls
 c - a scroll of blinking
 f - 2 scrolls of identify {unknown}
 g - a scroll of vulnerability {unknown}
 h - a scroll of acquirement {unknown}
Potions
 e - 2 potions of brilliance {unknown}
 i - a potion of magic {unknown}


   Skills:
 + Level 2.5 Fighting
 + Level 2.2 Axes
 - Level 1.0 Throwing
 + Level 1.4 Armour
 - Level 1.7 Dodging
 + Level 1.1 Shields
 + Level 2.5 Spellcasting
 + Level 2.9 Translocations


You had 7 spell levels left.
You didn't know any spells.
Your spell library contained the following spells:

 Spells                   Type           Power      Damage    Failure   Level
 Lesser Beckoning         Tloc           16%        N/A       14%         2
 Teleport Other           Tloc           8%         N/A       28%         3
 Manifold Assault         Tloc           8%         N/A       67%         4
 Blink                    Tloc           Unusable   N/A       N/A         2
 Vhi's Electric Charge    Tloc/Air       Unusable   N/A       N/A         3

Dungeon Overview and Level Annotations

Branches:
Dungeon (2/15)

Altars:


Innate Abilities, Weirdness & Mutations

You cannot be hasted, slowed, berserked, paralysed or teleported.
You can dig through walls and to a lower floor.
You have a pair of large antennae on your head. (SInv)
Your four strong arms can wield two-handed weapons with a shield.


Message History

A gnoll comes into view. It is wielding a +0 whip.
A gnoll is nearby!
The gnoll shouts!
An endoplasm comes into view.
You barely miss the gnoll. The gnoll hits you but does no damage.
You completely miss the gnoll.
A gnoll comes into view. It is wielding a +0 whip.
The gnoll hits you with a +0 whip.
The gnoll shouts!
You hit the gnoll.
The gnoll is lightly wounded.
The gnoll hits you but does no damage.
A gnoll comes into view. It is wielding a +0 club.
You hit the gnoll.
The gnoll is moderately wounded.
The gnoll hits you with a +0 whip.
You hit the gnoll.
The gnoll is heavily wounded.
The gnoll blocks your attack. The gnoll hits you with a +0 whip. x2
You hit the gnoll.
The gnoll is lightly wounded.
You barely miss the gnoll. The gnoll hits you with a +0 whip.
An endoplasm comes into view.
The gnoll hits you with a +0 club.
* * * LOW HITPOINT WARNING * * *
You are too injured to fight recklessly!
You are too injured to fight recklessly!
You are too injured to fight recklessly!
You are too injured to fight recklessly!
You are too injured to fight recklessly!
You are too injured to fight recklessly!
There are monsters nearby!
Unknown command.
The gnoll barely misses you.
A gnoll comes into view. It is wielding a +0 flail.
The gnoll attacks as it pursues you! The gnoll hits you with a +0 whip.
* * * LOW HITPOINT WARNING * * *
The gnoll attacks as it pursues you! The gnoll misses you.
The gnoll attacks as it pursues you! The gnoll hits you with a +0 whip!
You die...

...............
...............
.............
,......... , #g....#
# .###.#..g..####.##
......J.J......... {
####.#'##gg..####
#.......@.# #.#
#.........# #.#
#.......#.### #.#
#.......#...# #.#
#.......###.# #.#
#........ #.# #.#
#.#.....#.#.######.#
...##.#.#.....#..#
#.#.#####.#.##


You could see 4 gnolls and 2 endoplasms.

Vanquished Creatures
  A bat (D:1)
  An endoplasm (D:1)
  A giant cockroach (D:1)
  4 goblins
  5 hobgoblins
  2 jackals (D:1)
  A ball python (D:1)
  2 frilled lizards (D:1)
  2 kobolds
  2 rats
21 creatures vanquished.

Notes
Turn   | Place    | Note
-------+----------+-------------------------------------------
     0 | D:1      | Descartes the Formicid Warper began the quest for the Orb.
     0 | D:1      | Reached XP level 1. HP: 16/16 MP: 3/3
   199 | D:1      | Reached XP level 2. HP: 18/23 MP: 5/5
   671 | D:1      | Found a faded altar of an unknown god.
   710 | D:1      | Reached XP level 3. HP: 28/28 MP: 6/6
   747 | D:2      | Reached skill level 1 in Shields
   837 | D:2      | Slain by a gnoll

Illustrated notes

Levels and vault maps discovered:
D:1:      zelgadis_glass_arrival_small, layout_loops_ring,
          shapermc_ecumenical_altar_venn
D:2:      cheibrodos_fertilizer, layout_basic,
          hangedman_abyss_or_decor_lesser_grid

Skill      XL: |  1  2  3 |
---------------+----------+-----
Shields        | 1 |  1.1
Fighting       | |  2.5
Axes           | |  2.2
Throwing       | |  1.0
Armour         | |  1.4
Dodging        | |  1.7
Spellcasting   | |  2.5
Translocations | |  2.9

Action                     || total
---------------------------++-------
  Melee: Hand axe          ||    99
         Punch             ||     2
 Armour: Leather armour    ||    37
  Dodge: Dodged            ||    62

Table legend: (Time is in decaauts)
 A = Elapsed time spent in this place.
 B = Non-inter-level travel time spent in this place.
 C = Inter-level travel time spent in this place.
 D = Time resting spent in this place.
 E = Time spent auto-exploring this place.
 F = Levels seen in this place.
 G = Mean time per level.
                   A        B        C        D        E       F      G
               +--------+--------+--------+--------+--------+-----+--------+
         Total |    856 |    838 |     18 |      0 |    643 |   2 |  428.0 |
       Dungeon |    856 |    838 |     18 |      0 |    643 |   2 |  428.0 |
               +--------+--------+--------+--------+--------+-----+--------+

Top non-repeatable levels by time:
     D:1: 745 daAuts
     D:2: 111 daAuts
